 Dungeon Crawl Stone Soup version 0.20.0-15-g7f486f2 (webtiles) character file.

19038 McKennaii the Basher (level 12, -21/108 HPs)
             Began as a Minotaur Fighter on June 11, 2017.
             Was an Elder of the Shining One.
             Demolished by an orc knight
             ... wielding a +0 glaive
              (40 damage)
             ... in a bailey.
             The game lasted 00:26:00 (10843 turns).

McKennaii the Basher (Minotaur Fighter)            Turns: 10843, Time: 00:26:00

Health: -21/108    AC: 17    Str: 24    XL:     12   Next: 33%
Magic:  11/11      EV:  9    Int:  5    God:    the Shining One [****..]
Gold:   976        SH: 13    Dex: 15    Spells: 11/11 levels left

rFire    + . .     SeeInvis .   r - +2 whip (venom)
rCold    . . .     Gourm    .   c - +0 shield
rNeg     + + .     Faith    .   T - +1 plate armour {rF+}
rPois    +         Spirit   .   (helmet restricted)
rElec    .         Reflect  .   y - scarf {repulsion}
rCorr    .         Harm     .   (no gloves)
MR       .....                  s - +0 pair of boots
Stlth    ..........             (no amulet)
Regen    0.3/turn               M - ring of poison resistance (curse)
MPRegen  0.2/turn               O - +3 ring of dexterity

@: glowing, repel missiles
A: retaliatory headbutt, horns 2
a: Divine Shield, Cleansing Flame, Renounce Religion


You were in a bailey.
You worshipped the Shining One.
The Shining One was greatly pleased with you.
You were very hungry.

You visited 2 branches of the dungeon, and saw 13 of its levels.
You also visited: Bailey.

You collected 1080 gold pieces.
You spent 104 gold pieces at shops.

Inventory:

Hand Weapons
 a - a +0 flail
 r - a +2 whip of venom (weapon)
 S - the +11 battleaxe of Balance {chop, Str+5 Int+3, unknown}
   (You found it in a bailey)

   It inflicts extra damage upon your enemies.
   It affects your strength (+5).
   It affects your intelligence (+3).
Armour
 c - a +0 shield (worn)
 s - a +0 pair of boots (worn)
 y - a scarf of repulsion (worn)
 T - a +1 plate armour of fire resistance (worn)
Jewellery
 x - an uncursed ring of ice
 H - a +3 ring of protection
 M - a cursed ring of poison resistance (left hand)
 O - a +3 ring of dexterity (right hand)
Scrolls
 g - a scroll of recharging
 h - a scroll of noise {unknown}
 i - 8 scrolls of identify
 j - a scroll of fog
 k - a scroll of blinking
 n - a scroll of amnesia
 q - 2 scrolls of enchant armour {unknown}
 u - 4 scrolls of immolation
 v - 10 scrolls of remove curse
 C - a scroll of magic mapping {unknown}
 K - a scroll of silence {unknown}
 L - a scroll of summoning {unknown}
 Q - a scroll of teleportation {unknown}
Potions
 b - 4 potions of degeneration {unknown}
 d - 4 potions of might
 e - 5 potions of flight {unknown}
 l - a potion of magic {unknown}
 m - 2 potions of curing
 p - 2 potions of heal wounds
 t - 4 potions of lignification {unknown}
 w - 2 potions of resistance {unknown}
 z - 3 potions of agility {unknown}
 B - 4 potions of haste {unknown}
 D - a potion of ambrosia {unknown}
 E - a potion of invisibility {unknown}
 F - a potion of mutation {unknown}
 R - a potion of berserk rage {unknown}
Books
 J - a book of Changes

   Spells                             Type                      Level
   a - Beastly Appendage              Transmutation                1
   b - Sticks to Snakes               Transmutation                2
   c - Spider Form                    Transmutation/Poison         3
   d - Ice Form                       Ice/Transmutation            4
   e - Blade Hands                    Transmutation                5
Comestibles
 f - 7 bread rations
 o - 14 royal jellies
 A - 9 fruits
 I - 2 meat rations


   Skills:
 + Level 10.7 Fighting
 + Level 14.3 Maces & Flails
 + Level 10.8 Armour
 + Level 4.3 Dodging
 + Level 0.1 Stealth
 + Level 12.4 Shields
   Level 1.1 Evocations


You had 11 spell levels left.
You didn't know any spells.

Dungeon Overview and Level Annotations

Branches:
Dungeon (12/15)            Temple (1/1) D:6            Lair (0/6) D:8
    Orc (0/2) D:10

Altars:
Ashenzari
Dithmenos
Hepliaklqana
Nemelex Xobeh
Trog
The Shining One

Shops:
D:6 !


Innate Abilities, Weirdness & Mutations

You reflexively headbutt those who attack you in melee.
You have a pair of horns on your head.


Message History

You block the orc knight's attack.
The orc knight hits you but does no damage.
You block the orc knight's attack.
There is an open door here.
You see here 16 stones.
The orc knight no longer looks unusually strong.
There is an open door here.
The orc knight hits you from afar with a glaive!!
The orc knight no longer looks unusually strong.
The orc knight hits you from afar with a glaive.
The orc knight hits you from afar with a glaive.
The orc knight roars a battlecry!
The orc knight goes into a battle-frenzy!
The orc knight hits you but does no damage.
The orc knight roars a battlecry!
The orc knight goes into a battle-frenzy!
The orc knight hits you from afar with a glaive!!!
* * * LOW HITPOINT WARNING * * *
The orc knight hits you from afar with a glaive!!!
You die...

### ### ###
##.###########∩###########.#
#...##.....##...##.....##...
#...#..≈≈≈.@#...#..≈≈≈..#...
#...#.≈≈o≈≈.......≈≈)≈≈.#...
#...'.≈.)o≈.......≈)))≈.'...
#(..#.≈≈.≈≈))..)))≈≈.≈≈.#...
#...#..≈≈≈..#/(.#(.≈≈≈..#...
#...##.....##.∩.##.....##...
##.###########∩###########.#
### ### ###


You could see 2 orc knights.

Vanquished Creatures
  Fannar (D:10)
  A two-headed ogre (D:11)
  The ghost of dscm the Covert, a novice OpEE of Uskayaw (D:8)
  A death yak (D:8)
  Nergalle (D:11)
  An unseen horror (D:12)
  An orc knight (Bailey)
  A deep elf mage (D:11)
  Joseph (D:7)
  Maurice (D:8)
  4 centaur skeletons
  3 centaur zombies (D:7)
  2 hellwings
  3 trolls
  Grinder (D:6)
  Prince Ribbit (D:8)
  2 hippogriffs
  A meliai zombie (D:12)
  Grum (D:10)
  A vampire (D:10)
  A wyvern (D:12)
  A human (D:7)
  2 yaks (D:10)
  4 hogs (D:7)
  A hungry ghost (D:11)
  Menkaure (D:5)
  A water moccasin (D:9)
  3 ice beasts
  7 phantoms
  3 sky beasts
  A necrophage (D:10)
  2 black bears
  14 orc warriors
  3 wolves (D:10)
  10 ogres
  11 centaurs
  3 crocodiles
  5 big kobolds
  2 wyvern zombies
  6 bullfrogs
  A water moccasin skeleton (D:9)
  3 scorpions
  6 killer bees
  A wight (D:10)
  3 howler monkeys
  6 crimson imps
  An orc priest (D:5)
  A gnoll shaman (D:7)
  3 jellies
  7 hounds
  11 orc wizards
  Crazy Yiuf (D:7)
  A bullfrog skeleton (D:7)
  6 iguanas
  10 worker ants
  2 hell rats (D:8)
  3 hound skeletons
  10 gnolls
  2 howler monkey skeletons
  13 adders
  A river rat (D:9)
  6 shadow imps
  An ooze (D:1)
  2 adder zombies
  An adder skeleton (D:9)
  6 worms
  2 dart slugs
  11 leopard geckos
  37 orcs
  7 giant cockroaches
  13 goblins
  6 hobgoblins
  3 jackals (D:8)
  31 kobolds
  12 quokkas
  A ball python (D:1)
  5 bats
  5 frilled lizards
  A giant cockroach zombie (D:5)
  A leopard gecko skeleton (D:4)
  A quokka skeleton (D:7)
  9 rats
363 creatures vanquished.

Notes
Turn   | Place    | Note
-------+----------+-------------------------------------------
     0 | D:1      | McKennaii the Minotaur Fighter began the quest for the Orb.
     0 | D:1      | Reached XP level 1. HP: 19/19 MP: 0/0
   108 | D:1      | Reached XP level 2. HP: 23/27 MP: 1/1
   526 | D:2      | Reached XP level 3. HP: 26/33 MP: 2/2
   923 | D:2      | Reached XP level 4. HP: 20/40 MP: 3/3
  1150 | D:2      | Reached skill level 3 in Maces & Flails
  2277 | D:4      | Reached skill level 1 in Dodging
  2321 | D:4      | Reached XP level 5. HP: 32/47 MP: 4/4
  2388 | D:4      | Noticed a phantom
  2417 | D:4      | Killed a phantom
  2417 | D:4      | Reached skill level 4 in Maces & Flails
  2417 | D:4      | Reached skill level 5 in Shields
  2417 | D:4      | Reached XP level 6. HP: 36/55 MP: 5/5
  2563 | D:4      | Reached skill level 5 in Maces & Flails
  2563 | D:4      | Reached skill level 5 in Armour
  2814 | D:4      | Reached skill level 5 in Fighting
  3014 | D:5      | Entered Level 5 of the Dungeon
  3024 | D:4      | Reached XP level 7. HP: 50/61 MP: 6/6
  3122 | D:4      | Reached skill level 6 in Maces & Flails
  3462 | D:5      | Noticed Menkaure
  3467 | D:5      | Killed Menkaure
  3736 | D:5      | Reached skill level 7 in Maces & Flails
  3837 | D:5      | Reached XP level 8. HP: 69/70 MP: 7/7
  3993 | D:6      | Found a sparkling altar of Nemelex Xobeh.
  3999 | D:6      | Found Guresk's Distillery.
  4035 | D:6      | Bought a potion of heal wounds for 65 gold pieces
  4035 | D:6      | Bought a potion of curing for 39 gold pieces
  4037 | D:6      | Noticed a hippogriff
  4050 | D:6      | Killed a hippogriff
  4206 | D:6      | Found a staircase to the Ecumenical Temple.
  4206 | D:6      | Noticed Grinder
  4214 | D:6      | Paralysed by Grinder for 6 turns
  4221 | D:6      | Killed Grinder
  4221 | D:6      | Reached skill level 8 in Maces & Flails
  4226 | Temple   | Entered the Ecumenical Temple
  4230 | Temple   | Became a worshipper of the Shining One
  4782 | D:7      | Noticed a hellwing
  4790 | D:7      | Reached skill level 9 in Maces & Flails
  4790 | D:7      | Reached XP level 9. HP: 74/78 MP: 8/8
  4814 | D:7      | Killed a hellwing
  4814 | D:7      | Reached * piety under the Shining One
  4824 | D:7      | Reached skill level 10 in Maces & Flails
  4849 | D:7      | Noticed a hellwing
  4886 | D:6      | Killed a hellwing
  4886 | D:6      | Reached XP level 10. HP: 36/88 MP: 9/9
  5199 | D:7      | Reached skill level 11 in Maces & Flails
  5341 | D:7      | Found a runed door.
  5520 | D:7      | Reached skill level 10 in Shields
  5583 | D:7      | Reached ** piety under the Shining One
  5873 | D:7      | Noticed Crazy Yiuf
  5877 | D:7      | Killed Crazy Yiuf
  5971 | D:8      | Noticed Prince Ribbit
  5981 | D:8      | Killed Prince Ribbit
  6042 | D:8      | Got an ancient chain mail
  6053 | D:8      | Identified the +3 chain mail "Hism" {rN+++ Str-3 SInv Stlth-} (You found it on level 8 of the Dungeon)
  6064 | D:8      | Noticed dscm's ghost (novice OpEE)
  6142 | D:8      | Killed dscm's ghost
  6142 | D:8      | Reached skill level 12 in Maces & Flails
  6428 | D:8      | Noticed Maurice
  6436 | D:8      | Noticed a death yak
  6438 | D:8      | Killed Maurice
  6444 | D:8      | Noticed a death yak
  6448 | D:8      | Noticed a death yak
  6742 | D:8      | Noticed Joseph
  6768 | D:7      | Killed Joseph
  6778 | D:8      | Reached XP level 11. HP: 91/97 MP: 10/10
  6949 | D:8      | Found a staircase to the Lair.
  6981 | D:8      | Killed a death yak
  7980 | D:9      | Reached *** piety under the Shining One
  8186 | D:10     | Entered Level 10 of the Dungeon
  8323 | D:10     | Found a staircase to the Orcish Mines.
  8417 | D:10     | Found a shattered altar of Ashenzari.
  8503 | D:10     | Reached skill level 13 in Maces & Flails
  8627 | D:10     | Noticed Grum
  8633 | D:10     | Killed Grum
  8898 | D:10     | Noticed Fannar
  8938 | D:10     | Killed Fannar
  8938 | D:10     | Reached skill level 10 in Armour
  8990 | D:10     | Reached skill level 10 in Fighting
  9433 | D:11     | Noticed a two-headed ogre
  9444 | D:11     | Killed a two-headed ogre
  9468 | D:11     | Noticed a deep elf mage
  9478 | D:11     | Killed a deep elf mage
  9718 | D:11     | Noticed Nergalle
  9737 | D:11     | Killed Nergalle
  9737 | D:11     | Reached skill level 14 in Maces & Flails
  9737 | D:11     | Reached XP level 12. HP: 104/107 MP: 11/11
  9744 | D:11     | Reached **** piety under the Shining One
 10348 | D:12     | Found a flagged portal.
 10360 | Bailey   | Entered a bailey
 10627 | Bailey   | Got an ivory battleaxe
 10663 | Bailey   | Reached skill level 1 in Evocations
 10843 | Bailey   | Demolished by an orc knight

Skill      XL: |  1  2  3  4  5  6  7  8  9 10 11 12 |
---------------+-------------------------------------+-----
Fighting       | 4 5 6 7 9 10 | 10.7
Shields        | 4 5 6 8 9 10 12 | 12.4
Armour         | 4 5 6 7 9 10 | 10.8
Maces & Flails | 3 4 5 7 9 10 12 14 | 14.3
Dodging        | 1 2 3 4 |  4.3
Evocations     | 1 |  1.1
Stealth        | |  0.1

Action                   |  1- 3 |  4- 6 |  7- 9 | 10-12 || total
-------------------------+-------+-------+-------+-------++-------
Melee: Flail             |    71 |   161 |   241 |   784 ||  1257
       Headbutt          |     5 |    35 |    47 |   181 ||   268
       Whip              |       |       |       |     7 ||     7
Evoke: Wand              |       |       |       |    44 ||    44
  Use: Potion            |       |       |     2 |     3 ||     5
       Scroll            |       |       |       |     7 ||     7
  Eat: Chunk             |       |     7 |     6 |    19 ||    32
       Fruit             |       |       |       |     1 ||     1
Armor: Scale mail        |    18 |       |       |       ||    18
       Chain mail        |    10 |    69 |   121 |   197 ||   397
       Plate armour      |       |       |       |    13 ||    13
Dodge: Dodged            |    22 |    33 |    79 |   185 ||   319
       Deflected         |       |       |     1 |    12 ||    13
Block: Shield            |    33 |    86 |   162 |   414 ||   695
